 Dungeon Crawl Stone Soup version 0.24-a0-520-g8fd06ad0bc (webtiles) character file.

Game seed: 2059255923179888374

31511 Gynju the Bludgeoner (level 13, -1/91 HPs)
             Began as a Demonspawn Gladiator on July 26, 2019.
             Was a High Priest of Okawaru.
             Slain by a harpy (4 damage)
             ... summoned by Kirke
             ... on level 6 of the Lair of Beasts.
             The game lasted 00:25:57 (18473 turns).

Gynju the Bludgeoner (Demonspawn Gladiator)        Turns: 18473, Time: 00:25:57

Health: -1/91      AC:  0    Str: 20    XL:     13   Next: 26%
Magic:  13/13      EV: 17    Int: 10    God:    Okawaru [*****.]
Gold:   710        SH:  0    Dex: 14    Spells: 12/12 levels left

rFire    . . .     SeeInvis .   (weapon currently unavailable)
rCold    . . .     Gourm    .   (shield currently unavailable)
rNeg     . . .     Faith    .   (armour currently unavailable)
rPois    .         Spirit   .   (helmet currently unavailable)
rElec    .         Reflect  .   (cloak currently unavailable)
rCorr    .         Harm     .   (gloves currently unavailable)
MR       .....                  (boots currently unavailable)
Stlth    +.........             Y - amulet of magic regeneration
HPRegen  0.25/turn              (ring currently unavailable)
MPRegen  0.38/turn              (ring currently unavailable)

@: pig-form, very quick
A: small, rot immunity
a: Heroism, Finesse, Renounce Religion


You were on level 6 of the Lair of Beasts.
You worshipped Okawaru.
Okawaru was extremely pleased with you.
You were hungry.
You were a filthy swine.
You visited 2 branches of the dungeon, and saw 17 of its levels.

You collected 710 gold pieces.

Inventory:

Hand Weapons
 U - a +1 great mace of protection
 X - a +4 morningstar of protection (melded)
Missiles
 w - 78 poisoned darts (quivered)
Armour
 t - a +1 shield of fire resistance (melded)
 K - a scarf of resistance (melded)
 O - a +2 pair of gloves of dexterity (melded)
 S - the +9 plate armour "Ilocs" (melded) {rN+}
   (You found it on level 5 of the Lair of Beasts)

   It protects you from negative energy.
 V - a +2 hat of magic resistance (melded)
Jewellery
 c - an uncursed ring of positive energy
 d - a +4 ring of dexterity (melded)
 v - a +2 ring of evasion (melded)
 y - an uncursed ring of stealth {unknown}
 F - an uncursed ring of protection from magic
 N - an uncursed ring of flight
 Y - an amulet of magic regeneration (around neck)
Wands
 p - a wand of polymorph (21)
 G - a wand of flame (34)
 L - a wand of digging (8)
Scrolls
 e - 3 scrolls of remove curse
 h - 10 scrolls of teleportation
 k - 5 scrolls of enchant weapon
 m - a scroll of fear
 o - 4 scrolls of enchant armour
 q - 16 scrolls of identify
 r - a scroll of fog {unknown}
 u - 3 scrolls of amnesia {unknown}
 x - a scroll of vulnerability {unknown}
 A - 9 scrolls of immolation {unknown}
 E - 3 scrolls of magic mapping {unknown}
 H - 2 scrolls of silence {unknown}
 I - a scroll of holy word {unknown}
 J - 3 scrolls of random uselessness {unknown}
 Q - a scroll of noise {unknown}
 T - a scroll of brand weapon {unknown}
 W - 2 scrolls of blinking {unknown}
Potions
 a - a potion of invisibility {unknown}
 b - 3 potions of mutation {unknown}
 g - 4 potions of heal wounds {unknown}
 i - 4 potions of haste {unknown}
 j - 6 potions of curing {unknown}
 l - a potion of ambrosia {unknown}
 n - 2 potions of resistance {unknown}
 s - 6 potions of lignification {unknown}
 z - a potion of berserk rage {unknown}
 C - 4 potions of agility {unknown}
 D - a potion of brilliance {unknown}
 M - a potion of might {unknown}
 P - a potion of cancellation {unknown}
 R - a potion of degeneration {unknown}
Comestibles
 f - 51 rations
 B - 9 chunks of flesh


   Skills:
 - Level 5.0 Fighting
 * Level 15.8 Maces & Flails
   Level 8.1 Polearms
 - Level 1.7 Throwing
 + Level 5.8 Armour
 - Level 5.0 Dodging
 + Level 5.5 Shields


You had 12 spell levels left.
You didn't know any spells.
Your spell library contained the following spells:

 Spells                   Type           Power        Failure   Level  Hunger
 Apportation              Tloc           #.....       36%         1    ##.....
 Corona                   Hex            #......      36%         1    ##.....
 Magic Dart               Conj           #...         36%         1    ##.....
 Shock                    Conj/Air       #...         36%         1    ##.....
 Summon Butterflies       Summ           #.......     36%         1    ##.....
 Blink                    Tloc           N/A          50%         2    ###....
 Call Imp                 Summ           #.......     50%         2    ###....
 Ensorcelled Hibernation  Hex/Ice        #.....       50%         2    ###....
 Poisonous Vapours        Pois/Air       #.....       50%         2    ###....
 Slow                     Hex            #.......     50%         2    ###....
 Swiftness                Chrm/Air       #.......     50%         2    ###....
 Confuse                  Hex            #.......     75%         3    ####...
 Conjure Flame            Conj/Fire      #.......     75%         3    ####...
 Dazzling Spray           Conj/Hex       #.....       75%         3    ####...
 Inner Flame              Hex/Fire       #.......     75%         3    ####...
 Lesser Beckoning         Tloc           #.........   75%         3    ####...
 Mephitic Cloud           Conj/Pois/Air  #.......     75%         3    ####...
 Portal Projectile        Hex/Tloc       #.....       75%         3    ####...
 Static Discharge         Conj/Air       #.......     75%         3    ####...
 Tukima's Dance           Hex            #.......     75%         3    ####...
 Airstrike                Air            #.........   98%         4    #####..
 Cause Fear               Hex            #.........   98%         4    #####..
 Leda's Liquefaction      Hex/Erth       #.........   98%         4    #####..
 Alistair's Intoxication  Tmut/Pois      #.......     100%        5    ######.
 Irradiate                Conj/Tmut      #.........   100%        5    ######.
 Lightning Bolt           Conj/Air       #.........   100%        5    ######.
 Silence                  Hex/Air        #.........   100%        5    ######.
 Yara's Violent Unravell  Hex/Tmut       #.........   100%        5    ######.
 Deflect Missiles         Chrm/Air       #.........   100%        6    #######
 Freezing Cloud           Conj/Ice/Air   #.........   100%        6    #######
 Hydra Form               Tmut           #.........   100%        6    #######
 Invisibility             Hex            #.......     100%        6    #######
 Statue Form              Tmut/Erth      #........    100%        6    #######
 Dragon Form              Tmut           #.........   100%        7    #######
 Ring of Flames           Chrm/Fire      #.........   100%        7    #######
 Discord                  Hex            #.........   100%        8    #######


Dungeon Overview and Level Annotations

Branches:
Dungeon (11/15)            Temple (0/1) D:4            Lair (6/6) D:11
 Shoals (0/4) Lair:3        Snake (0/4) Lair:3        Slime (0/5) Lair:6
    Orc: D:9-12

Altars:
Ashenzari
Cheibriados
Dithmenos
Elyvilon
Fedhas
Hepliaklqana
Makhleb
Nemelex Xobeh
Okawaru
Sif Muna
Trog
Uskayaw
Vehumet
Xom
Jiyva

Annotations:
D:11 2 transporters, TheNamelessOne's ghost, journeyman OpFi
Lair:1 1 runed translucent door, Mandevil's ghost, journeyman CeAE
Lair:2 3 runed translucent doors, Eblanoamm's ghost, journeyman VSMo
Lair:4 3 runed translucent doors, Burgietje's ghost, journeyman GrFi
Lair:5 exclusion: oklob plant
Lair:6 Kirke


Innate Abilities, Weirdness & Mutations

((You have large cloven feet.))
((You are completely covered in sharp spines.))
You are immune to rotting.
((Your movements are significantly less encumbered by armour. (ER -6)))


Message History

Kirke is severely wounded.
The hog barely misses you.
Kirke mumbles some strange words.
Kirke summons some harpies!
You barely miss Kirke.
Kirke is severely wounded.
The harpy claws you!
* * * LOW HITPOINT WARNING * * *
The harpy claws you!
* * * LOW HITPOINT WARNING * * *
The hog barely misses you. Kirke closely misses you.
The harpy screeches!
The harpy barely misses you. The harpy misses you.
The harpy completely misses you. The harpy claws you!
* * * LOW HITPOINT WARNING * * *
The harpy screeches!
The harpy misses you. The harpy claws you.
* * * LOW HITPOINT WARNING * * *
The harpy completely misses you. The harpy misses you. The harpy claws you.
You die...

##..##..###..###....#..#h.h.#
....#.... ...##....... ......
........###...#.......J.#....
?........#...##..............
. ....#..÷#...#...# . ...
#...<......#.# ..##
.....#....÷...##..###....#
...............##Hh.H.....
......†.........hH†...>...
..................@.......
......#........#...##...#.
.....#.........#...# ...#
.....#.............# ..#
..................... ...
....................P ...
............(....


You could see Kirke, a manticore, 2 harpies and a hog.

Vanquished Creatures
  3 hydras
  9 death yaks
  Erica (Lair:1)
  An unseen horror (D:10)
  Pikel (D:4)
  4 elephants
  A black mamba (Lair:5)
  A centaur zombie (D:10)
  A gargoyle (D:10)
  10 spiny frogs
  A kobold demonologist (D:11)
  2 rime drakes (Lair:4)
  2 komodo dragons
  A queen bee (Lair:1)
  2 slime creatures (Lair:6)
  13 blink frogs
  8 hippogriffs
  A snapping turtle (Lair:3)
  2 wyverns
  7 yaks
  Sigmund (D:6)
  5 hogs
  4 water moccasins
  7 porcupines
  A black bear (D:6)
  4 ice beasts
  2 orc warriors
  3 phantoms
  A hornet zombie (D:9)
  A slave (D:4)
  6 ogres
  9 wolves
  9 centaurs
  10 crocodiles
  2 big kobolds
  11 bullfrogs
  A water moccasin zombie (D:7)
  A scorpion (D:10)
  6 wights
  33 killer bees
  5 electric eels
  4 howler monkeys
  5 crimson imps
  A quasit (D:11)
  2 bullfrog zombies (D:11)
  4 hounds
  4 orc priests
  A bullfrog skeleton (D:2)
  11 orc wizards
  2 centaur skeletons
  3 iguanas
  Terence (D:2)
  6 hell rats
  3 worker ants
  A hound skeleton (D:7)
  A howler monkey zombie (D:6)
  A worker ant zombie (D:5)
  8 gnolls
  10 adders
  4 river rats (Lair:2)
  4 shadow imps
  An ooze (D:1)
  2 adder zombies
  An adder skeleton (D:4)
  2 worms
  5 dart slugs
  3 leopard geckos
  44 orcs
  2 ball pythons
  3 giant cockroaches
  6 hobgoblins
  6 jackals
  19 kobolds
  3 quokkas
  6 bats
  5 frilled lizards
  A giant cockroach zombie (D:6)
  7 goblins
  A jackal skeleton (D:7)
  A leopard gecko zombie (D:5)
  A quokka zombie (D:6)
  18 rats
406 creatures vanquished.

Vanquished Creatures (others)
  3 fungi
  6 plants
  A withered plant (Lair:1)
10 creatures vanquished.

Grand Total: 416 creatures vanquished

Notes
Turn   | Place    | Note
-------+----------+-------------------------------------------
     0 | D:1      | Gynju the Demonspawn Gladiator began the quest for the Orb.
     0 | D:1      | Reached XP level 1. HP: 16/16 MP: 1/1
    96 | D:1      | Gained mutation: You are partially covered in sharp spines.
                  | [demonic ancestry]
    96 | D:1      | Reached XP level 2. HP: 22/22 MP: 2/2
   475 | D:1      | Gained mutation: You are immune to rotting. [demonic
                  | ancestry]
   475 | D:1      | Reached XP level 3. HP: 24/28 MP: 3/3
  1089 | D:2      | Found a burning altar of Makhleb.
  1089 | D:2      | Found an iron altar of Okawaru.
  1090 | D:2      | Found a shadowy altar of Dithmenos.
  1138 | D:2      | Reached XP level 4. HP: 17/34 MP: 4/4
  1333 | D:2      | Found a shadowy altar of Dithmenos.
  1453 | D:2      | Found a deep blue altar of Sif Muna.
  1627 | D:2      | Noticed Terence
  1647 | D:2      | Killed Terence
  2159 | D:2      | Became a worshipper of Warmaster Okawaru
  2375 | D:3      | Reached XP level 5. HP: 35/41 MP: 5/5
  3209 | D:3      | Found a snail-covered altar of Cheibriados.
  3443 | D:4      | Gained mutation: You are mostly covered in sharp spines.
                  | [demonic ancestry]
  3443 | D:4      | Reached XP level 6. HP: 40/47 MP: 6/6
  3726 | D:4      | Found a staircase to the Ecumenical Temple.
  3733 | D:4      | Noticed a slave
  3734 | D:4      | Noticed Pikel
  3735 | D:4      | Noticed a slave
  3735 | D:4      | Noticed a slave
  3735 | D:4      | Noticed a slave
  3741 | D:4      | Paralysed by Pikel for 7 turns
  3753 | D:4      | Killed a slave
  3760 | D:4      | Killed Pikel
  3760 | D:4      | Reached * piety under Okawaru
  3760 | D:4      | Reached skill level 5 in Polearms
  3760 | D:4      | Gained mutation: Your movements are slightly less
                  | encumbered by armour. (ER -2) [demonic ancestry]
  3760 | D:4      | Reached XP level 7. HP: 36/55 MP: 7/7
  4059 | D:4      | Found a blossoming altar of Fedhas.
  4167 | D:5      | Entered Level 5 of the Dungeon
  4369 | D:5      | Reached ** piety under Okawaru
  4369 | D:5      | Gained mutation: Your movements are less encumbered by
                  | armour. (ER -4) [demonic ancestry]
  4369 | D:5      | Reached XP level 8. HP: 39/61 MP: 8/8
  4535 | D:5      | Found a radiant altar of Vehumet.
  5042 | D:6      | Reached skill level 5 in Dodging
  5046 | D:6      | Reached skill level 5 in Fighting
  5267 | D:6      | Noticed Sigmund
  5280 | D:6      | Killed Sigmund
  5458 | D:6      | Reached *** piety under Okawaru
  5703 | D:7      | Noticed a hippogriff
  5707 | D:7      | Killed a hippogriff
  5707 | D:7      | Reached XP level 9. HP: 67/68 MP: 9/9
  5837 | D:7      | Reached skill level 1 in Maces & Flails
  5927 | D:7      | Found a sparkling altar of Nemelex Xobeh.
  5994 | D:7      | Reached skill level 5 in Armour
  6225 | D:7      | Reached skill level 2 in Maces & Flails
  6696 | D:8      | Reached skill level 3 in Maces & Flails
  7193 | D:8      | Reached **** piety under Okawaru
  7193 | D:8      | Reached skill level 4 in Maces & Flails
  7227 | D:8      | Found a shimmering altar of Xom.
  7486 | D:9      | Reached skill level 5 in Maces & Flails
  7584 | D:9      | Found a shattered altar of Ashenzari.
  7693 | D:9      | Received a gift from Okawaru
  7694 | D:9      | Reached skill level 6 in Maces & Flails
  7948 | D:9      | Found a bloodstained altar of Trog.
  8044 | D:9      | Reached skill level 7 in Maces & Flails
  8081 | D:9      | Gained mutation: You have large cloven feet. [demonic
                  | ancestry]
  8081 | D:9      | Reached XP level 10. HP: 70/74 MP: 10/10
  8418 | D:9      | Found a white marble altar of Elyvilon.
  8418 | D:9      | Found a hide-covered altar of Uskayaw.
  8418 | D:9      | Found a hazy altar of Hepliaklqana.
  8533 | D:10     | Entered Level 10 of the Dungeon
  8602 | D:10     | Reached skill level 8 in Maces & Flails
  8796 | D:10     | Killed an unseen horror
  8796 | D:10     | Reached ***** piety under Okawaru
  8820 | D:11     | Received a gift from Okawaru
  8820 | D:11     | Reached skill level 9 in Maces & Flails
  8972 | D:11     | Found a transporter.
  8973 | D:11     | Noticed a death yak
  8977 | D:11     | Noticed a death yak
  8993 | D:10     | Killed a death yak
  9330 | D:10     | Noticed a gargoyle
  9344 | D:10     | Killed a gargoyle
  9344 | D:10     | Reached skill level 10 in Maces & Flails
  9710 | D:10     | Reached skill level 1 in Shields
  9924 | D:11     | Noticed TheNamelessOne's ghost (journeyman OpFi)
  9924 | D:11     | Noticed a two-headed ogre
  9954 | D:11     | Found a transporter.
  9991 | D:11     | Noticed a death yak
 10080 | D:11     | Found a staircase to the Lair.
 10108 | D:10     | Killed a death yak
 10108 | D:10     | Gained mutation: Your movements are significantly less
                  | encumbered by armour. (ER -6) [demonic ancestry]
 10108 | D:10     | Reached XP level 11. HP: 64/79 MP: 11/11
 10186 | D:11     | Killed a death yak
 10784 | D:11     | Reached skill level 11 in Maces & Flails
 10958 | Lair:1   | Entered Level 1 of the Lair of Beasts
 11036 | Lair:1   | Found a runed translucent door.
 11037 | Lair:1   | Noticed Mandevil's ghost (journeyman CeAE)
 11045 | Lair:1   | Received a gift from Okawaru
 11180 | Lair:1   | Noticed Erica
 11548 | Lair:1   | Killed Erica
 11658 | Lair:1   | Reached skill level 12 in Maces & Flails
 13228 | Lair:2   | Found a runed translucent gate.
 13228 | Lair:2   | Found a runed translucent gate.
 13228 | Lair:2   | Found a runed translucent gate.
 13233 | Lair:2   | Found a viscous altar of Jiyva.
 13233 | Lair:2   | Noticed a death ooze
 13233 | Lair:2   | Noticed Eblanoamm's ghost (journeyman VSMo)
 13272 | Lair:2   | Reached skill level 13 in Maces & Flails
 13272 | Lair:2   | Gained mutation: You are completely covered in sharp
                  | spines. [demonic ancestry]
 13272 | Lair:2   | Reached XP level 12. HP: 84/86 MP: 12/12
 13578 | Lair:3   | Received a gift from Okawaru
 13615 | Lair:3   | Noticed a six-headed hydra
 13624 | Lair:3   | Killed a six-headed hydra
 14265 | Lair:3   | Found a staircase to the Snake Pit.
 14348 | Lair:3   | Found a staircase to the Shoals.
 14999 | Lair:4   | Reached skill level 14 in Maces & Flails
 15075 | Lair:4   | Noticed a 13-headed hydra
 15075 | Lair:4   | Noticed Burgietje's ghost (journeyman GrFi)
 15075 | Lair:4   | Noticed a 14-headed hydra
 15076 | Lair:4   | Found a runed translucent gate.
 15076 | Lair:4   | Found a runed translucent gate.
 15076 | Lair:4   | Found a runed translucent gate.
 15374 | Lair:4   | Noticed a seven-headed hydra
 15382 | Lair:4   | Killed a seven-headed hydra
 16223 | Lair:5   | Reached skill level 15 in Maces & Flails
 16804 | Lair:5   | Noticed a six-headed hydra
 16811 | Lair:5   | Killed a six-headed hydra
 17084 | Lair:5   | Got a jewelled plate armour
 17095 | Lair:5   | Identified the +9 plate armour "Ilocs" {rN+} (You found it
                  | on level 5 of the Lair of Beasts)
 17343 | Lair:6   | Entered Level 6 of the Lair of Beasts
 17346 | Lair:6   | Noticed a death yak
 17346 | Lair:6   | Noticed a death yak
 17346 | Lair:6   | Noticed a death yak
 17363 | Lair:5   | Killed a death yak
 17363 | Lair:5   | Received a gift from Okawaru
 17373 | Lair:5   | Killed a death yak
 17646 | Lair:6   | Noticed a death yak
 17646 | Lair:6   | Noticed a death yak
 17646 | Lair:6   | Noticed a death yak
 17646 | Lair:6   | Noticed a death yak
 17646 | Lair:6   | Noticed a death yak
 17646 | Lair:6   | Noticed a death yak
 17657 | Lair:5   | Killed a death yak
 17657 | Lair:5   | Reached XP level 13. HP: 82/91 MP: 6/13
 17700 | Lair:6   | Noticed Kirke
 17756 | Lair:5   | Reached skill level 5 in Shields
 18454 | Lair:6   | Found a staircase to the Slime Pits.
 18472 | Lair:6   | HP: 3/91 [harpy[Kirke] (9)]
 18473 | Lair:6   | Slain by a harpy

Levels and vault maps discovered:
D:1:      roderic_octagonal_star, layout_basic, minmay_liquid_box,
          hangedman_decor_clover_reticule, hex_large, grunt_decor_mini_mirrors
D:2:      layout_loops_ring, lemuel_coloured_pillars_altar,
          chequers_temple_overflow_statue_of_worship,
          grunt_dithmenos_smoke_and_mirrors, uniq_terence
D:3:      layout_loops_ring, nicolae_overflow_crystal_walls, first_ration
D:4:      layout_basic, minmay_temple_entry_gardened_gates, fedhas_altar_2,
          uniq_pikel
D:5:      layout_basic, lemuel_doored_altar
D:6:      black_bear_nest_1, layout_rooms, uniq_sigmund
D:7:      layout_loops_ring, nemelex_xobeh_ov_fountains_minmay, serial_glass,
          glass_columns_a, glass_columns_b
D:8:      layout_basic, basic_altar
D:9:      layout_roguey, kennysheep_little_box, minitemple
D:10:     layout_irregular_city
D:11:     minmay_goldmine, layout_cave_pools, dpeg_lair_monsters,
          gammafunk_ghost_arena
Lair:1:   layout_long_grid, gammafunk_ghost_grave, special_room
          [special_room_bee], hangedman_lair_unloving_vines, grunt_megastairs_2,
          uniq_erica
Lair:2:   layout_small_grid, gammafunk_ghost_ooze, kennysheep_abandoned_house,
          infiniplex_staircase_pool_2, lemuel_fruit_fields
Lair:3:   layout_cave_pods, minmay_shoals_entry_hut, dummy_snake_entry,
          infiniplex_staircase_pool
Lair:4:   layout_gridlike, gammafunk_ghost_hydra_chop
Lair:5:   wander_river, layout_misc_corridors, serial_bayou_shore_a,
          minmay_lair_oklob_chamber, grunt_megastairs_3, lemuel_fruit_tree
Lair:6:   grunt_lair_end_beastmaster, layout_long_grid,
          minmay_slime_entry_pillars, lemuel_fruit_fields, uniq_kirke

Skill      XL: |  1  2  3  4  5  6  7  8  9 10 11 12 13 |
---------------+----------------------------------------+-----
Polearms       | 3 4 5 6 8 |  8.1
Dodging        | 3 4 5 |  5.0
Fighting       | 3 4 5 |  5.0
Armour         | 2 4 5 |  5.8
Maces & Flails | 7 10 13 15 | 15.8
Shields        | 3 4 5 |  5.5
Throwing       | |  1.7

Action                   |  1- 3 |  4- 6 |  7- 9 | 10-12 | 13-15 || total
-------------------------+-------+-------+-------+-------+-------++-------
Melee: Trident           |    83 |   140 |       |       |       ||   223
       Morningstar       |       |    24 |   227 |   224 |    80 ||   555
       Kick              |       |       |       |   212 |    41 ||   253
       Great mace        |       |       |       |   320 |       ||   320
       Unarmed           |       |       |       |       |     9 ||     9
Throw: Dart              |       |       |       |     7 |       ||     7
Invok: Heroism           |       |       |       |     9 |     2 ||    11
       Finesse           |       |       |       |     6 |       ||     6
  Use: Scroll            |       |       |       |     8 |       ||     8
  Eat: Chunk             |     1 |     8 |    14 |    30 |     1 ||    54
       Ration            |       |       |       |     1 |       ||     1
Armor: Leather armour    |     9 |       |       |       |       ||     9
       Chain mail        |       |    75 |   153 |   242 |       ||   470
       Plate armour      |       |       |       |     7 |    43 ||    50
Dodge: Dodged            |    37 |    61 |   143 |   428 |    56 ||   725
Block: Shield            |       |       |       |    91 |    50 ||   141

Table legend:
 A = Non-vault XP
 B = Vault XP
 C = Vault XP percentage of total XP
 D = Non-vault monster count
 E = Vault monster count
 F = Vault count percentage of total count
                 A         B        C        D         E       F
            +---------+---------+-------+---------+---------+-------
      Total |   32745 |   12271 |  27.3 |     316 |      89 |  22.0
            +---------+---------+-------+---------+---------+-------
        D:1 |      58 |       0 |   0.0 |      30 |       0 |   0.0
        D:2 |      60 |      36 |  37.5 |      12 |       1 |   7.7
        D:3 |     199 |       0 |   0.0 |      28 |       0 |   0.0
        D:4 |     129 |     651 |  83.5 |      11 |       1 |   8.3
        D:5 |     504 |       0 |   0.0 |      12 |       0 |   0.0
        D:6 |     594 |     341 |  36.5 |      24 |       2 |   7.7
        D:7 |     977 |       0 |   0.0 |      22 |       0 |   0.0
        D:8 |     365 |       0 |   0.0 |      11 |       0 |   0.0
        D:9 |    2134 |       0 |   0.0 |      36 |       0 |   0.0
       D:10 |    2420 |    1804 |  42.7 |      26 |       2 |   7.1
       D:11 |    2287 |    1382 |  37.7 |      22 |      15 |  40.5
     Lair:1 |    1798 |    3356 |  65.1 |      11 |      30 |  73.2
     Lair:2 |    2160 |     716 |  24.9 |       9 |      20 |  69.0
     Lair:3 |    3074 |     238 |   7.2 |      13 |       1 |   7.1
     Lair:4 |    3707 |     270 |   6.8 |      13 |       1 |   7.1
     Lair:5 |   11415 |    2547 |  18.2 |      30 |      12 |  28.6
     Lair:6 |     864 |     930 |  51.8 |       6 |       4 |  40.0
            +---------+---------+-------+---------+---------+-------
